Map: Cactus Valley LE (Void)

Players

Railgan - Winner!

  • Race: Zerg Zerg
  • League: Grandmaster
  • Spawn Location: 7:00

BerryPuncH

  • Race: Terran Terran
  • League: Grandmaster
  • Spawn Location: 11:00

VOD

Have the link to the VOD?

Description

Time

  • Played on: Feb. 25, 2017, 7:49 p.m.
  • Length: 12:19
Show
View Real Time Build Order
Export as new Build Order

Railgan Zerg - Winner!

Build Orders: Pool First, Lurkers 

Get SALT Encoding   

  12  0:01  Drone  
  13  0:12  Overlord  
  13  0:17  Drone  
  14  0:31  Drone x2  
  14  0:34  Drone  
  17  0:46  Spawning Pool  
  17  0:48  Drone  
  17  0:56  Drone  
  18  1:13  Hatchery  
  18  1:14  Extractor  
  18  1:18  Drone x2  
  18  1:28  Drone  
  19  1:34  Queen  
  19  1:38  Zergling x2  
  22  1:50  Overlord  
  22  2:09  Queen  
  22  2:10  Drone  
  22  2:12  Drone  
  26  2:15  Metabolic Boost  
  26  2:21  Drone  
  27  2:25  Queen  
  27  2:26  Drone  
  30  2:38  Drone x2  
  30  2:44  Drone x3  
  34  2:47  Overlord  
  34  2:48  Drone  
  36  2:57  Lair  
  36  3:03  Extractor  
  35  3:07  Drone  
  35  3:08  Drone  
  35  3:10  Drone  
  35  3:11  Zergling x2  
  38  3:18  Spine Crawler  
  38  3:20  Drone x2  
  38  3:21  Drone  
  38  3:24  Zergling x4  
  42  3:29  Zergling x2  
  43  3:37  Drone  
  44  3:42  Extractor, Overlord  
  44  3:46  Overlord  
  43  3:53  Drone  
  44  3:56  Baneling Nest  
  44  4:00  Drone  
  44  4:02  Drone x3  
  47  4:03  Spire, Drone x2  
  47  4:05  Extractor  
  47  4:07  Overseer  
  47  4:08  Zergling x2  
  48  4:14  Drone  
  48  4:16  Overlord  
  49  4:18  Zergling x4  
  51  4:32  Zergling x2  
  51  4:33  Zergling x8  
  51  4:34  Drone  
  57  4:41  Baneling x5  
  57  4:44  Drone x2  
  59  4:46  Drone  
  59  4:47  Overlord  
  59  4:48  Baneling  
  60  5:04  Drone  
  61  5:13  Drone x2  
  63  5:15  Overlord  
  63  5:18  Mutalisk x5  
  73  5:28  Mutalisk  
  73  5:32  Hatchery  
  74  5:36  Drone x2  
  74  5:38  Drone x2  
  78  5:49  Drone x2  
  80  5:53  Evolution Chamber  
  80  5:54  Hydralisk Den, Overlord  
  80  5:55  Evolution Chamber, Drone  
  78  6:07  Zergling x2  
  78  6:08  Zergling x2  
  80  6:17  Drone  
  81  6:22  Zerg Missile Weapons Level 1  
  81  6:23  Hydralisk, Zerg Ground Armor Level 1  
  81  6:24  Hydralisk, Muscular Augments  
  81  6:25  Drone, Overlord x2  
  85  6:28  Drone x2  
  85  6:31  Drone  
  85  6:32  Drone  
  90  6:34  Overlord  
  90  6:37  Drone  
  91  6:49  Hydralisk  
  91  6:50  Hydralisk x3  
  91  6:52  Pneumatized Carapace  
  99  6:55  Hydralisk  
  99  6:59  Hydralisk  
  103  7:11  Drone x4  
  103  7:12  Drone x2, Queen  
  111  7:17  Drone x2  
  111  7:22  Hydralisk  
  115  7:24  Extractor  
  115  7:25  Extractor  
  113  7:30  Hydralisk x2  
  113  7:31  Overlord  
  113  7:37  Hatchery  
  116  7:41  Overlord  
  116  7:46  Lurker Den  
  116  7:51  Hydralisk x2  
  116  7:55  Drone x3  
  116  7:56  Drone x3  
  116  7:57  Hydralisk x2, Overlord  
  130  7:59  Hydralisk  
  130  8:05  Hydralisk x3  
  134  8:20  Hydralisk x2  
  134  8:25  Zerg Missile Weapons Level 2  
  134  8:26  Drone x2  
  139  8:37  Hydralisk x2  
  143  8:42  Hydralisk  
  143  8:45  Overlord x2  
  145  8:58  Hatchery  
  145  9:01  Zerg Ground Armor Level 2  
  144  9:14  Hatchery  
  143  9:17  Hydralisk x9  
  143  9:18  Overlord x2  
  161  9:31  Overseer  
  161  9:33  Overlord  
  161  9:34  Overlord x2  
  161  9:38  Spine Crawler  
  160  9:41  Spine Crawler  
  159  9:50  Lurker x5  
  164  10:00  Zergling x2  
  164  10:01  Zergling x20  
  164  10:03  Overlord  
  174  10:16  Hydralisk x4  
  182  10:23  Spore Crawler  
  182  10:24  Zergling x6  
  184  10:28  Infestation Pit  
  184  10:32  Lurker  
  184  10:33  Lurker x3  
  186  10:44  Hydralisk  
  186  10:45  Hydralisk x3  
  127  10:57  Hydralisk  
  127  10:58  Hydralisk x3  
  127  11:01  Hydralisk  
  118  11:05  Hydralisk  
  118  11:06  Hydralisk  
  120  11:14  Hydralisk x3  
  120  11:16  Zergling x30  
  137  11:19  Hydralisk  
  137  11:20  Hydralisk  
  134  11:34  Hydralisk  
  134  11:35  Hydralisk x3  
  134  11:37  Drone  
  140  11:41  Hydralisk x2  
  140  11:42  Hydralisk  
  146  11:52  Hydralisk x3  
  137  11:55  Hydralisk  
  137  11:57  Zergling x2  
Show
View Real Time Build Order
Export as new Build Order

BerryPuncH Terran 

Build Orders: Reaper Expand, MMM Bio 

Get SALT Encoding   

  12  0:00  SCV  
  13  0:13  SCV  
  14  0:17  Supply Depot  
  14  0:25  SCV  
  15  0:29  Refinery  
  15  0:39  SCV  
  16  0:46  Barracks  
  16  0:51  SCV  
  17  1:03  SCV  
  18  1:15  SCV  
  19  1:35  Reaper, Orbital Command  
  20  1:45  Command Center  
  20  1:55  Factory  
  20  2:01  SCV  
  21  2:07  Barracks Reactor  
  21  2:10  Supply Depot  
  21  2:13  SCV  
  22  2:25  SCV  
  23  2:41  Refinery  
  23  2:43  SCV  
  24  2:45  Starport  
  24  2:46  Bunker  
  24  2:50  Hellion  
  24  2:51  Hellion  
  28  2:55  SCV  
  29  3:00  Orbital Command  
  29  3:14  Hellion x2  
  29  3:18  Marine  
  34  3:25  Viking  
  36  3:29  SCV  
  36  3:30  SCV  
  38  3:37  Barracks Tech Lab  
  38  3:41  SCV  
  38  3:43  SCV  
  40  3:53  SCV  
  40  3:55  Medivac, SCV  
  44  3:56  Marine  
  44  3:58  Stimpack  
  44  4:00  Factory Reactor  
  45  4:08  Barracks  
  45  4:10  Supply Depot  
  45  4:12  SCV  
  45  4:14  Supply Depot  
  46  4:24  Barracks  
  46  4:32  Marine, SCV x2  
  49  4:39  Supply Depot, Starport Reactor  
  49  4:44  SCV x2  
  51  4:48  Factory Reactor  
  51  4:49  Marine  
  52  4:58  SCV x2  
  53  5:01  Engineering Bay x2  
  53  5:02  Marine x2  
  55  5:07  Marine  
  55  5:13  SCV x2  
  56  5:23  Marine x2  
  56  5:24  Marine x2  
  56  5:25  SCV x2  
  56  5:26  Supply Depot  
  56  5:28  Refinery  
  62  5:29  Terran Infantry Armor Level 1, Refinery, Terran Infantry Weapons Level 1  
  62  5:32  Missile Turret  
  62  5:35  Missile Turret, Marine  
  62  5:41  Marine  
  64  5:44  SCV  
  64  5:45  SCV  
  64  5:48  Widow Mine  
  64  5:49  Widow Mine  
  70  5:53  Supply Depot  
  70  5:55  Marine x3, Supply Depot  
  70  5:56  Marine  
  74  6:02  Marine  
  75  6:04  Medivac  
  75  6:09  SCV  
  78  6:14  Marine x3, SCV, Medivac  
  81  6:21  Widow Mine x2, SCV  
  81  6:23  Missile Turret  
  85  6:26  SCV  
  85  6:27  Marine  
  85  6:28  Marauder  
  85  6:32  Marine, Supply Depot  
  90  6:33  SCV  
  90  6:38  Supply Depot, Combat Shields  
  91  6:41  Marine x2  
  93  6:51  SCV  
  93  6:54  Supply Depot, SCV  
  95  6:58  Missile Turret  
  95  7:01  Marine x5  
  96  7:03  SCV  
  96  7:20  Barracks  
  96  7:23  Factory Tech Lab  
  96  7:24  Marine x4  
  96  7:25  Barracks, Marauder  
  96  7:27  Starport Reactor, SCV  
  103  7:30  SCV  
  104  7:38  Armory  
  104  7:39  SCV  
  104  7:42  Marine, Siege Tank  
  109  7:53  Marine x3  
  112  8:00  Command Center  
  112  8:01  Marine, Marauder  
  115  8:07  Supply Depot  
  115  8:08  Supply Depot  
  114  8:14  Siege Tank  
  117  8:23  Medivac x2  
  117  8:25  Marine  
  117  8:26  Marine x3  
  117  8:29  Marine x2  
  117  8:33  Marine  
  120  8:38  Terran Infantry Armor Level 2  
  120  8:39  Terran Infantry Weapons Level 2  
  118  8:46  Siege Tank  
  121  8:51  SCV  
  121  8:54  SCV  
  123  8:55  Marine x2  
  123  8:56  Marine, Marauder  
  123  9:00  Medivac  
  130  9:03  Medivac  
  132  9:10  Marine  
  132  9:11  Marine x4  
  132  9:13  Terran Vehicle Weapons Level 1  
  132  9:15  SCV  
  138  9:20  Marauder  
  140  9:27  Missile Turret  
  140  9:32  Marine  
  140  9:33  Marine x4  
  145  9:39  Supply Depot  
  145  9:43  Supply Depot  
  145  9:50  Orbital Command  
  145  9:54  Siege Tank, Marine  
  149  10:00  Missile Turret, Marine  
  149  10:01  Marine, Marauder  
  149  10:02  Marine  
  149  10:03  Marine  
  149  10:04  Marine  
  145  10:14  Marine x3  
  145  10:16  SCV x3  
  145  10:18  Marine  
  145  10:20  Supply Depot  
  152  10:22  Marine, Supply Depot  
  152  10:23  Marine x3  
  152  10:26  Marine, Siege Tank  
  160  10:32  Marine x2  
  160  10:34  Marine  
  163  10:36  Marine  
  163  10:40  Marine, Supply Depot  
  163  10:42  Supply Depot  
  165  10:44  Marauder  
  127  10:57  Marine x2  
  127  10:58  Siege Tank  
  115  11:05  Marauder  
  115  11:06  Medivac x2  
  115  11:08  Marine x2  
  96  11:26  Marine x2  
  96  11:27  Marauder, SCV  
  96  11:28  SCV  
  100  11:35  Siege Tank, Marine  
  100  11:36  Marine x4  
  102  11:42  Marine  
  102  11:44  Marine  
  104  11:48  Marauder  
  104  11:51  Marine  
  95  11:55  Marine x4  
  95  11:57  Marine  
  95  12:00  Marine  
Tags
 
Add a new tag
Caveats
  • Supply blocks, unpowered buildings, or Contaminate may cause inaccurate times.
  • Supply counts are checked every 10 seconds.